AoeStats
← Adavi306

Black Forest

510294542Analyzed
4v4 RM · 1d ago on Sep 30, 2026· 25m 57s· 8 players
Game mode
Random Map
Map size
Large (8 player)
Population
200
Speed
Normal
Resources
Standard
Victory
Conquest
Starting age
Dark Age
Ending age
Imperial Age
RankedLock teamsTeams togetherTeam positionsShared explorationLock speedFull tech treeHidden civsTurbo modeCheats
Victory
Defeat
🇦🇺 Berbers · Australia
1207
+15
🇦🇺 Turks · Australia
1199
+15
🇦🇺 Bulgarians · Australia
1195
+15
🇦🇺 Persians · Australia
1165
+17
🇦🇺 Celts · Australia
1203
-16
🇦🇷 Cumans · Argentina
1192
-16
🇹🇼 Japanese · Taiwan
1175
-15
🇧🇷 Khmer · Brazil
1156
-15
NaCl
0:26 Loom
20:19 Feudal Age
20:20 Man-at-Arms
23:26 Scale Mail Armor
23:50 Arson
diavolomagro
1:00 Loom
10:35 Feudal Age
11:26 Double-Bit Axe
taiwan180
7:30 Loom
12:41 Feudal Age
15:27 Castle Age
13:39 Double-Bit Axe
16:43 Bow Saw
23:29 Scale Barding Armor
23:35 Forging
23:47 Husbandry
lethe711
11:33 Feudal Age
13:28 Double-Bit Axe
13:23 Horse Collar
19:46 Castle Age
Torg
10:28 Feudal Age
14:09 Castle Age
12:34 Double-Bit Axe
12:31 Horse Collar
15:32 Bow Saw
15:34 Heavy Plow
21:55 Wheelbarrow
21:14 Loom
21:30 Town Watch
22:28 Town Patrol
23:00 Hand Cart
22:50 Town Patrol
23:15 Gold Mining
23:17 Stone Mining
25:59 Gold Shaft Mining
25:14 Treadmill Crane
murrayj
9:45 Feudal Age
14:11 Castle Age
12:38 Double-Bit Axe
14:11 Gold Mining
16:10 Horse Collar
17:44 Loom
19:18 Wheelbarrow
19:43 Scale Barding Armor
22:04 Bloodlines
24:31 Heavy Plow
25:06 Husbandry
26:25 Chain Barding Armor
Adavi306
0:41 Loom
18:06 Feudal Age
22:06 Castle Age
Incitatus
7:16 Loom
9:33 Feudal Age
10:22 Double-Bit Axe
10:34 Arson
14:44 Horse Collar
20:05 Castle Age
19:41 Stone Mining
19:46 Gold Mining
24:12 Scale Barding Armor
24:18 Forging
25:20 Chain Barding Armor
26:34 Iron Casting
Connection lost

Rejoining the realm…

Still unreachable

The connection could not be restored.

Session expired

The server has moved on; the page needs a fresh start.